 Dungeon Crawl Stone Soup version 0.30-a0-847-g17996783a1 (webtiles) character file.

Game seed: 14877399227003499182

1597 Newt the Skirmisher (level 9, 0/48 HPs)
             Began as a Kobold Hunter on Mar 3, 2023.
             Was a Follower of Hepliaklqana.
             Shot with an arrow by a centaur (7 damage)
             ... on level 6 of the Dungeon.
             The game lasted 00:05:36 (5018 turns).

Newt the Skirmisher (Kobold Hunter)                 Turns: 5018, Time: 00:05:36

Health: 0/48       AC:  4    Str:  8    XL:     9   Next: 15%
Magic:  19/22      EV: 18    Int: 10    God:    Hepliaklqana [*.....]
Gold:   306        SH:  0    Dex: 23    Spells: 13/14 levels left

rFire   . . .      SeeInvis .    a - +1 shortbow (freeze)
rCold   . . .      Faith    .    (shield currently unavailable)
rNeg    . . .      Spirit   .    c - +0 leather armour
rPois   .          Reflect  .    (no helmet)
rElec   .          Rampage  .    (no cloak)
rCorr   .                        (no gloves)
Will    .....                    i - +0 pair of boots
Stlth   +++                      e - amulet of regeneration
HPRegen 1.08/turn                h - ring of wizardry
MPRegen 0.18/turn                o - ring of magical power

@: weak-willed
A: reduced essence, small, no large weapons, nightstalker 3
a: Renounce Religion, Recall Ancestor, Ancestor Identity


You were on level 6 of the Dungeon.
You worshipped Hepliaklqana.
Hepliaklqana was aware of your devotion.
You visited 2 branches of the dungeon, and saw 7 of its levels.

You collected 306 gold pieces.

Inventory:

Hand Weapons
 a - a +1 shortbow of freezing (weapon)
Missiles
 s - a throwing net
Armour
 c - a +0 leather armour (worn)
 i - a +0 pair of boots (worn)
Jewellery
 e - an amulet of regeneration (around neck)
 h - a ring of wizardry (left hand)
 n - an amulet of the acrobat
 o - a ring of magical power (right hand)
Scrolls
 b - a scroll of immolation
 g - 2 scrolls of enchant armour
 j - a scroll of fog
Potions
 d - a potion of attraction
 f - a potion of might
 m - a potion of degeneration
 p - 2 potions of heal wounds {unknown}
 r - a potion of invisibility {unknown}


   Skills:
 - Level 5.0 Fighting
 + Level 11.3 Ranged Weapons
 - Level 6.0 Dodging
 - Level 1.3 Stealth
 - Level 3.0 Spellcasting
 - Level 3.0 Hexes


You had 13 spell levels left.
You knew the following spells:

 Your Spells              Type           Power      Damage    Failure   Level
a - Slow                  Hex            28%        N/A       4%          1

Your spell library contained the following spells:

 Spells                   Type           Power      Damage    Failure   Level
 Confusing Touch          Hex            7%         N/A       14%         3
 Magic Dart               Conj           4%         1d3       16%         1
 Call Imp                 Summ           1%         N/A       24%         2
 Mephitic Cloud           Conj/Pois/Air  1%         N/A       43%         3
 Vampiric Draining        Necr           1%         2d6       43%         3


Dungeon Overview and Level Annotations

Branches:
Dungeon (6/15)             Temple (1/1) D:4

Altars:
Ashenzari
Fedhas
Gozag
Hepliaklqana
Makhleb
Okawaru
Ru
Sif Muna
Xom
The Shining One


Innate Abilities, Weirdness & Mutations

Your life essence is reduced to manifest your ancestor. (-10% HP)
You are small and have problems with some larger weapons.
You are completely attuned to the shadows.


Message History

Aim: an ogre, wielding a +0 giant club (lightly wounded, ally target, chance to affect: 40%)
The ogre seems to slow down.
The centaur shoots an arrow.
The arrow hits Jaydra!
The ogre hits Jaydra with a +0 giant club.
Jaydra completely misses the ogre.
The centaur shoots an arrow.
The arrow hits Jaydra!
Fire: a) +1 shortbow (freeze)
Press: ? - help, Q - select action, (/) - cycle Shift-Dir - straight line, f/p - ogre
Aim: an ogre, wielding a +0 giant club (lightly wounded, slow, ally target, 81% to hit)
You shoot an arrow. The arrow hits the ogre!
The arrow freezes the ogre.
The ogre is severely wounded.
The centaur unwields a +0 shortbow.
The centaur barely misses Jaydra.
The centaur kicks Jaydra but does no damage.
Jaydra hits the ogre.
Fire: a) +1 shortbow (freeze)
Press: ? - help, Q - select action, (/) - cycle Shift-Dir - straight line, f/p - ogre
Aim: an ogre, wielding a +0 giant club (severely wounded, slow, ally target, 81% to hit)
You shoot an arrow. The arrow hits the ogre!
The arrow freezes the ogre.
You kill the ogre!
The centaur wields a +0 shortbow.
The centaur shoots an arrow.
The arrow hits Jaydra!
Jaydra is destroyed!
Fire: a) +1 shortbow (freeze)
Press: ? - help, Q - select action, (/) - cycle Shift-Dir - straight line, f - centaur
Aim: a centaur, wielding a +0 shortbow (79% to hit)
You shoot an arrow. The arrow hits the centaur.
The arrow freezes the centaur.
The centaur is lightly wounded.
The centaur shoots an arrow.
The arrow hits you!
* * * LOW HITPOINT WARNING * * *
The centaur shoots an arrow.
The arrow hits you!
* * * LOW HITPOINT WARNING * * *
You feel better.
The centaur shoots an arrow.
The arrow hits you.
* * * LOW HITPOINT WARNING * * *
Blink to where?
Press: ? - help, Dir - move target, p - centaur
Found a stone staircase leading down.
As you read the scroll of blinking, it crumbles to dust.
The centaur shoots an arrow.
The arrow misses you.
The centaur shoots an arrow.
The arrow hits you!
You die...

.........#...........
..........##...#.....
...........###.#.....
........#####.)...
.#.......##§††...
#........c##...#
##..##...# ##.......
##.@.... ###.... ....
.... #...


You could see a centaur.

Vanquished Creatures
  The ghost of Lobster4 the Ruffian, an amateur TrGl (D:3)
  Edmund (D:4)
  An ice beast (D:5)
  2 ogres
  An orc warrior (D:6)
  Blork the orc (D:5)
  4 scorpions
  2 howler monkeys
  2 hounds
  4 orc priests
  A gnoll bouda (D:5)
  2 iguanas
  Natasha (twice) (D:2)
  3 orc wizards (D:6)
  3 gnolls (D:5)
  3 adders
  A white imp (D:6)
  4 worms
  A dart slug (D:2)
  20 orcs
  5 ball pythons
  8 endoplasms
  2 giant cockroaches
  3 goblins
  5 hobgoblins
  3 jackals (D:3)
  3 kobolds
  7 quokkas
  2 bats
  6 frilled lizards
  6 rats
109 creatures vanquished.

Vanquished Creatures (collateral kills)
  A howler monkey (D:6)
  An orc wizard (D:6)
2 creatures vanquished.

Vanquished Creatures (others)
  An ancestor (D:6)
1 creature vanquished.

Grand Total: 112 creatures vanquished

Notes
Turn   | Place    | Note
-------+----------+-------------------------------------------
     0 | D:1      | Newt the Kobold Hunter began the quest for the Orb.
     0 | D:1      | Reached XP level 1. HP: 12/12 MP: 1/1
    69 | D:1      | Reached XP level 2. HP: 18/18 MP: 2/2
   661 | D:2      | Reached XP level 3. HP: 23/23 MP: 3/3
  1239 | D:2      | Noticed Natasha
  1241 | D:2      | Killed Natasha
  1242 | D:2      | Reached XP level 4. HP: 23/30 MP: 4/4
  1330 | D:2      | Noticed Natasha
  1334 | D:2      | Killed Natasha
  1335 | D:2      | Reached skill level 5 in Fighting
  1365 | D:3      | Reached XP level 5. HP: 34/35 MP: 5/5
  1510 | D:3      | Reached skill level 6 in Ranged Weapons
  1645 | D:3      | Found a faded altar of an unknown god.
  1740 | D:3      | Learned a level 1 spell: Slow
  1974 | D:3      | Found a runed translucent door.
  1974 | D:3      | Noticed Lobster4's ghost (amateur TrGl)
  2313 | D:3      | Killed Lobster4's ghost
  2314 | D:3      | Reached skill level 8 in Ranged Weapons
  2314 | D:3      | Reached XP level 6. HP: 40/40 MP: 4/6
  2445 | D:4      | Noticed Edmund
  2483 | D:4      | Killed Edmund
  2484 | D:4      | Reached XP level 7. HP: 28/44 MP: 2/7
  2487 | D:4      | Reached skill level 9 in Ranged Weapons
  2554 | D:4      | Found an iron altar of Okawaru.
  2909 | D:4      | Reached skill level 10 in Ranged Weapons
  2912 | D:4      | Reached skill level 1 in Hexes
  2956 | D:4      | Found an opulent altar of Gozag.
  3279 | D:4      | Found a staircase to the Ecumenical Temple.
  3395 | D:4      | Found a glowing golden altar of the Shining One.
  3398 | D:4      | Reached XP level 8. HP: 49/49 MP: 8/8
  3511 | Temple   | Entered the Ecumenical Temple
  3649 | Temple   | Became a worshipper of Hepliaklqana the Forgotten
  3708 | D:5      | Entered Level 5 of the Dungeon
  4083 | D:5      | Noticed Blork the orc
  4087 | D:5      | Killed Blork the orc
  4088 | D:5      | Reached skill level 5 in Dodging
  4364 | D:5      | Reached skill level 1 in Spellcasting
  4760 | D:5      | Reached * piety under Hepliaklqana
  4885 | D:6      | Reached XP level 9. HP: 35/48 MP: 13/13
  5010 | D:6      | Reached skill level 11 in Ranged Weapons
  5014 | D:6      | HP: 1/48 [centaur/arrow (11)]
  5018 | D:6      | Shot with an arrow by a centaur

Illustrated notes

Levels and vault maps discovered:
D:1:      eino_arrival_cavern_b, layout_rooms
D:2:      layout_basic, uniq_natasha
D:3:      layout_basic, hellmonk_ghost_happy_afterlife, serial_aquarium,
          aquarium_bridge_square [aquarium_subvault_window,
          aquarium_subvault_bridge, aquarium_subvault_bridge,
          aquarium_subvault_wall], aquarium_window_corridor_2,
          aquarium_window_fake, aquarium_window_1, aquarium_window_2,
          aquarium_view_2e, aquarium_balcony_5b, basic_ecumenical_altar
D:4:      layout_loops_ring, mainiacjoe_overflow_alcove_2, old_standard_altar,
          okawaru_metal_pillars_3, minmay_temple_entry_poolview, uniq_edmund
D:5:      layout_basic, uniq_blork_the_orc
D:6:      layout_cave_pools, kennysheep_mini
Temple:   minmay_temple_curvy_branch

Skill      XL: |  1  2  3  4  5  6  7  8  9 |
---------------+----------------------------+-----
Fighting       | 3 4 5 |  5.0
Ranged Weapons | 8 10 11 | 11.3
Hexes          | 2 3 |  3.0
Dodging        | 6 |  6.0
Spellcasting   | 3 |  3.0
Stealth        | |  1.3

Action                     |  1- 3 |  4- 6 |  7- 9 || total
---------------------------+-------+-------+-------++-------
   Fire: Shortbow          |    64 |    91 |   135 ||   290
   Cast: Slow              |       |     7 |    11 ||    18
 Invoke: Recall Ancestor   |       |       |     1 ||     1
    Use: Scroll            |     5 |     4 |     7 ||    16
         Potion            |       |     2 |     2 ||     4
 Armour: Leather armour    |     8 |    13 |     4 ||    25
  Dodge: Dodged            |    14 |    69 |    43 ||   126

Table legend: (Time is in decaauts)
 A = Elapsed time spent in this place.
 B = Non-inter-level travel time spent in this place.
 C = Inter-level travel time spent in this place.
 D = Time resting spent in this place.
 E = Time spent auto-exploring this place.
 F = Levels seen in this place.
 G = Mean time per level.
                   A        B        C        D        E       F      G
               +--------+--------+--------+--------+--------+-----+--------+
         Total |   5042 |   4720 |    322 |    352 |   3789 |   7 |  720.3 |
       Dungeon |   4881 |   4599 |    282 |    352 |   3670 |   6 |  813.5 |
        Temple |    160 |    120 |     40 |      0 |    119 |   1 |  160.0 |
               +--------+--------+--------+--------+--------+-----+--------+

Top non-repeatable levels by time:
     D:4: 1166 daAuts
     D:5: 1093 daAuts
     D:2: 931 daAuts
     D:3: 885 daAuts
     D:1: 583 daAuts
     D:6: 220 daAuts
  Temple: 160 daAuts
